 Dungeon Crawl Stone Soup version 0.29.0-11-gd7f09526c8 (webtiles) character file.

Game seed: 3310382371303460236

966 SensoryNuts the Chopper (level 7, -3/70 (79) HPs)
             Began as a Demonspawn Fighter on Sept 6, 2022.
             Was an Initiate of Gozag.
             Succumbed to a wight's poison
             ... on level 5 of the Dungeon.
             The game lasted 00:05:10 (5647 turns).

SensoryNuts the Chopper (Demonspawn Fighter)        Turns: 5647, Time: 00:05:10

HP:   -3/70 (79)    AC: 23    Str: 31    XL:     7   Next: 93%
MP:   7/7           EV:  2    Int:  9    God:    Gozag
Gold: 331           SH:  4    Dex: 12    Spells: 6/6 levels left

rFire   . . .      SeeInvis .   a - +0 war axe
rCold   . . .      Faith    .   c - +0 buckler
rNeg    . . .      Spirit   .   (body armour currently unavailable)
rPois   +          Reflect  .   (helmet currently unavailable)
rElec   .          Harm     .   (cloak currently unavailable)
rCorr   .          Rampage  .   (gloves currently unavailable)
Will    .....      NoTele   +   (boots currently unavailable)
Stlth   +.........              (no amulet)
HPRegen 0.21/turn               e - +6 ring of strength
MPRegen 0.10/turn               h - +6 ring of strength

@: lethally poisoned (-3 -> -17), tree-form, heavily drained
A: stationary, stasis, torment immunity, boosted hp, ignite blood 2
a: Renounce Religion, Potion Petition, Call Merchant, Bribe Branch


You were on level 5 of the Dungeon.
You worshipped Gozag.
Gozag was aware of your devotion.
You were a tree.
You visited 2 branches of the dungeon, and saw 6 of its levels.

You collected 392 gold pieces.
You paid 61 gold pieces to Gozag.

Inventory:

Hand Weapons
 a - a +0 war axe (weapon)
Missiles
 r - 2 throwing nets (quivered)
Armour
 b - a +1 scale mail (melded)
 c - a +0 buckler (worn)
 d - a +0 pair of boots (melded)
 u - a +0 helmet (melded)
Jewellery
 e - a +6 ring of strength (left branch)
 h - a +6 ring of strength (right branch)
Scrolls
 i - a scroll of silence
 j - a scroll of enchant weapon
 p - a scroll of identify
 s - a scroll of magic mapping
Potions
 f - 2 potions of brilliance
 k - a potion of magic
 l - a potion of mutation
 n - a potion of degeneration
 o - a potion of attraction


   Skills:
 + Level 3.8 Fighting
 * Level 6.7 Axes
 + Level 4.5 Armour
 + Level 1.3 Dodging
 + Level 0.3 Stealth
 + Level 3.4 Shields


You had 6 spell levels left.
You didn't know any spells.
Your spell library contained the following spells:

 Spells                   Type           Power      Damage    Failure   Level
 Beastly Appendage        Tmut           0%         N/A       47%         1
 Sandblast                Erth           0%         2d4       47%         1
 Summon Small Mammal      Summ           0%         N/A       47%         1
 Wereblood                Tmut           0%         N/A       63%         2
 Call Canine Familiar     Summ           0%         N/A       85%         3
 Spider Form              Tmut/Pois      0%         N/A       85%         3
 Summon Guardian Golem    Hex/Summ       0%         N/A       85%         3


Dungeon Overview and Level Annotations

Branches:
Dungeon (5/15)             Temple (1/1) D:4

Altars:
Ashenzari
Cheibriados
Dithmenos
Fedhas
Gozag
Hepliaklqana
Makhleb
Nemelex Xobeh
Okawaru
Ru
Sif Muna
Trog
Uskayaw
Vehumet
Wu Jian
Yredelemnul

Shops:
D:1 *   D:2 ((=!?   D:3 =


Innate Abilities, Weirdness & Mutations

You are a tree.
Your roots penetrate the ground, keeping you stationary.
You cannot be teleported.
You are immune to unholy pain and torment.
Your maximum health is greatly increased.
Your equipment is partially melded.
Your demonic aura often causes spilled blood to erupt in flames.


Message History

The wight hits you with a +0 morningstar of venom!
You feel drained.
You are poisoned.
You hit the wight.
The wight is severely damaged.
You feel very sick.
The wight hits you with a +0 morningstar of venom.
The wight barely misses you.
You closely miss the wight.
The wight is severely damaged.
You feel sick. The wight closely misses you.
The wight hits you with a +0 morningstar of venom!
You are more poisoned.
You hit the wight.
The wight is almost destroyed.
You feel very sick.
The wight hits you with a +0 morningstar of venom!
You feel drained.
* * * LOW HITPOINT WARNING * * *
You are more poisoned.
The wight barely misses you. The wight attacks as you move away!
The wight hits you but does no damage.
You are more poisoned.
* * * LOW HITPOINT WARNING * * *
You feel very sick.
* * * LOW HITPOINT WARNING * * *
You feel very sick.
It was a potion of lignification.
You turn into a tree.
Your +0 helmet melds into your body.
Your +0 pair of boots melds into your body.
Your +0 scale mail melds into your body.
Your roots penetrate the ground.
* * * LOW HITPOINT WARNING * * *
You feel very sick.
Okay, then.
As you read the scroll labelled LOSSOV XUYPROROGH, it crumbles to dust.
It is a scroll of enchant armour.
Your +0 scale mail glows green for a moment.
You die...
Your body crumbles into a pile of gold.

.#...
#.##.....
.....
#........
.....
#......#
#..###..#..#
#..z....?#
###z###..#
##z# #.#
#..# .# #♣##
. #....# .
##...# ..
##... #.##
.. .. ##.


You could see 3 wights.

Vanquished Creatures
  Grinder (D:3)
  Sigmund (D:2)
  A water moccasin (D:5)
  A phantom (D:4)
  2 orc priests (D:4)
  3 hounds
  An orc wizard (D:3)
  11 gnolls
  5 adders
  3 worms
  5 dart slugs
  8 orcs
  7 endoplasms
  A giant cockroach (D:2)
  4 goblins
  3 hobgoblins
  5 jackals
  3 quokkas
  5 ball pythons
  7 bats
  4 frilled lizards
  5 kobolds
  2 rats
88 creatures vanquished.

Vanquished Creatures (others)
  7 plants (D:4)
7 creatures vanquished.

Grand Total: 95 creatures vanquished

Notes
Turn   | Place    | Note
-------+----------+-------------------------------------------
     0 | D:1      | SensoryNuts the Demonspawn Fighter began the quest for the
                  | Orb.
     0 | D:1      | Reached XP level 1. HP: 18/18 MP: 1/1
   193 | D:1      | Reached skill level 2 in Axes
   237 | D:1      | Found Biesonne's General Store.
   360 | D:1      | Gained mutation: Your demonic aura sometimes causes spilled
                  | blood to erupt in flames. [demonic ancestry]
   360 | D:1      | Reached XP level 2. HP: 11/24 MP: 2/2
   963 | D:2      | Found Otoe's Jewellery Shoppe.
  1087 | D:2      | Found Luapruyle's Antique Weapon Shoppe.
  1102 | D:2      | Reached XP level 3. HP: 12/29 MP: 3/3
  1341 | D:2      | Found a faded altar of an unknown god.
  1352 | D:2      | Got Plato's Codex of Grit
  1893 | D:2      | Reached skill level 3 in Axes
  2186 | D:2      | Found Kica Gai's Magic Scroll Shoppe.
  2210 | D:2      | Found Rinunuol's Distillery.
  2258 | D:2      | Found Cagyink's Antique Weapon Emporium.
  2348 | D:2      | Noticed Sigmund
  2381 | D:2      | Killed Sigmund
  2382 | D:2      | Reached skill level 4 in Axes
  2382 | D:2      | Reached XP level 4. HP: 24/35 MP: 4/4
  2382 | D:2      | Reached XP level 5. HP: 28/41 MP: 5/5
  2571 | D:3      | Found Higalano's One-of-a-Kind Rings.
  2587 | D:3      | Reached XP level 6. HP: 33/47 MP: 6/6
  2912 | D:3      | Noticed Grinder
  2925 | D:3      | Paralysed by Grinder for 4 turns
  2944 | D:3      | Paralysed by Grinder for 2 turns
  2948 | D:3      | Killed Grinder
  2949 | D:3      | Reached skill level 5 in Axes
  2949 | D:3      | Reached skill level 1 in Dodging
  2949 | D:3      | Gained mutation: Your demonic aura often causes spilled
                  | blood to erupt in flames. [demonic ancestry]
  2949 | D:3      | Reached XP level 7. HP: 30/52 MP: 7/7
  3252 | D:3      | Found a hazy altar of Hepliaklqana.
  3253 | D:3      | Found a broken altar of Ashenzari.
  3253 | D:3      | Found a blossoming altar of Fedhas.
  3255 | D:3      | Found an opulent altar of Gozag.
  3255 | D:3      | Found a shimmering blue altar of Sif Muna.
  3545 | D:3      | Became a worshipper of Gozag Ym Sagoz the Greedy
  4017 | D:4      | Found a staircase to the Ecumenical Temple.
  4226 | D:4      | Reached skill level 6 in Axes
  4947 | Temple   | Entered the Ecumenical Temple
  5016 | D:5      | Entered Level 5 of the Dungeon
  5646 | D:5      | HP: 1/70 [poisoned by a wight]
  5647 | D:5      | Succumbed to a wight's poison

Illustrated notes

Levels and vault maps discovered:
D:1:      dpeg_arrival_shelter, layout_loops_ring, serial_shops,
          nicolae_shop_advertising_works [nicolae_subvault_shop_adworks]
D:2:      layout_loops_cross, shapermc_ecumenical_altar_rom_forum, serial_shops,
          shop_fountains, nicolae_shop_trees, shop, shop, nicolae_shop_trees,
          st_stairs_10, uniq_sigmund
D:3:      minmay_evil_eye, layout_loops_ring, grunt_temple_overflow_open,
          nicolae_shop_unique_rings, uniq_grinder
D:4:      layout_basic, minmay_temple_entry_tees, serial_bayou_ford_a
D:5:      layout_layer_cave, serial_park_tiny_2
Temple:   nicolae_temple_god_jail

Skill      XL: |  1  2  3  4  5  6  7 |
---------------+----------------------+-----
Axes           | 2 4 5 6 |  6.7
Shields        | 3 |  3.4
Armour         | 3 4 |  4.5
Dodging        | 1 |  1.3
Fighting       | |  3.8
Stealth        | |  0.3

Action                   |  1- 3 |  4- 6 |  7- 9 || total
-------------------------+-------+-------+-------++-------
Melee: War axe           |   151 |    47 |    85 ||   283
  Use: Scroll            |     6 |     4 |     5 ||    15
       Potion            |     2 |     1 |     3 ||     6
 Stab: Distracted        |       |       |     1 ||     1
Armor: Scale mail        |    93 |    18 |    42 ||   153
Dodge: Dodged            |    98 |    16 |    75 ||   189
Block: Buckler           |    37 |     7 |    21 ||    65
